[Event "ICC tourney 1969 (45 10)"]
[Site "Internet Chess Club"]
[Date "2020.08.23"]
[Round "6"]
[White "Priccchess"]
[Black "Vish1080"]
[Result "0-1"]
[ICCResult "White resigns"]
[WhiteElo "1755"]
[BlackElo "1685"]
[Opening "Sicilian: Labourdonnais-Löwenthal variation"]
[ECO "B32"]
[NIC "SI.32"]
[Time "13:31:45"]
[TimeControl "2700+10"]

1. e4 c5 2. Nf3 Nc6 3. d4 cxd4 4. Nxd4 e5 5. Nxc6 bxc6 6. a3 Nf6 7. Nc3 Bc5
8. Bc4 O-O 9. Bg5 Be7 10. Bxf6 Bxf6 11. O-O d6 12. Qd3 Be6 13. Rad1 Bxc4 14.
Qxc4 Rc8 15. Qd3 Qb6 16. b3 Rfd8 17. h3 Qd4 18. Qg3 Qc5 19. b4 Qc4 20. Qd3
Qxd3 21. Rxd3 Kf8 22. Rfd1 Ke7 23. Kf1 Ke6 24. g3 Rd7 25. Na4 Rcd8 26. Ke2
g5 27. c4 Be7 28. Nc3 f5 29. exf5+ Kxf5 30. Rf3+ Ke6 31. Re3 d5 32. cxd5+
cxd5 33. f4 gxf4 34. gxf4 Bf6 35. Na4 e4 36. Nc5+ Kf5 37. Nxd7 Rxd7 38. b5
d4 39. Rb3 d3+ 40. Kd2 Rc7 41. Rc1 e3+ 42. Kxe3 Rxc1 43. Kxd3 Rd1+ 44. Ke2
Rd6 45. a4 Bd8 46. Rb4 Bb6 47. Rb3 Kxf4 48. Rf3+ Kg5 49. Rf7 Kg6 50. Re7 Rd5
51. Rb7 h5 52. Re7 Kg5 53. Rg7+ Kh4 54. Kf3 Rd3+ 55. Ke2 Ra3 56. Kf1 Rxa4
57. Ke2 Rb4 58. Rf7 Rxb5 59. Rf4+ Kxh3 60. Ra4 h4 61. Rc4 Rg5 62. Rc3+ Kh2
63. Kf3 Rg3+ {White resigns} 0-1

[Event "ICC tourney 1969 (45 10)"]
[Site "Internet Chess Club"]
[Date "2020.08.23"]
[Round "6"]
[White "Andy0507"]
[Black "saiabhi29"]
[Result "0-1"]
[ICCResult "White resigns"]
[WhiteElo "2296"]
[BlackElo "2077"]
[Opening "Sicilian: Nimzovich-Rossolimo attack (with ...g6, without ...d6)"]
[ECO "B31"]
[NIC "SI.31"]
[Time "13:31:51"]
[TimeControl "2700+10"]

1. e4 c5 2. Nf3 Nc6 3. Bb5 g6 4. Bxc6 dxc6 5. d3 Bg7 6. h3 e5 7. a3 Ne7 8.
O-O O-O 9. b4 cxb4 10. axb4 Qc7 11. Nbd2 a6 12. Bb2 Be6 13. Ng5 Bc8 14. Nc4
b5 15. Ne3 h6 16. Nf3 Be6 17. c4 Rfd8 18. Qc2 bxc4 19. Nxc4 Bxc4 20. dxc4 c5
21. b5 axb5 22. cxb5 Rab8 23. Qc4 Nc8 24. Ra6 Nd6 25. Qa2 Rxb5 26. Bxe5 Bxe5
27. Nxe5 c4 28. Ra7 Qc8 29. Ng4 h5 30. Nf6+ Kg7 31. Qa1 c3 32. Nd5 Rc5 33.
Nb6 Qc6 34. Na4 Rc4 35. e5 Nb5 36. Ra5 Nd4 37. Ra7 c2 38. Rc1 Kg8
{White resigns}
0-1

[Event "ICC tourney 1969 (45 10)"]
[Site "Internet Chess Club"]
[Date "2020.08.23"]
[Round "6"]
[White "town"]
[Black "Monkeybomb3605"]
[Result "0-1"]
[ICCResult "White checkmated"]
[WhiteElo "2111"]
[BlackElo "2005"]
[Opening "Sicilian: Najdorf, Byrne (English) attack"]
[ECO "B90"]
[NIC "SI.14"]
[Time "13:31:31"]
[TimeControl "2700+10"]

1. e4 c5 2. Nf3 d6 3. d4 cxd4 4. Nxd4 Nf6 5. Nc3 a6 6. Be3 e6 7. f3 b5 8.
Qd2 Nbd7 9. g4 Nb6 10. g5 Nfd7 11. Qf2 Bb7 12. O-O-O Rc8 13. h4 Rxc3 14.
bxc3 Qc7 15. Nb3 Na4 16. Bd2 d5 17. Bd3 Ba3+ 18. Kb1 O-O 19. h5 Ne5 20. Rdg1
dxe4 21. fxe4 Rd8 22. Qf4 Nxc3+ 23. Ka1 Rxd3 24. h6 Nc4 25. Rb1 Qxf4 26.
Bxf4 Rf3 27. Rhd1 Rxf4 28. Rd8+ Bf8 29. Nc5 Bc6 30. Rg1 Nxe4 31. Nd3 Rf5 32.
Nb4 Bd5 33. Nxa6 Rxg5 34. Rb1 Nc3 35. Re1 gxh6 36. Nc7 Kg7 37. Ne8+ Kg6 38.
Rf1 Bg7 39. Nc7 Ne2+ 40. Kb1 Na3# {White checkmated} 0-1

[Event "ICC tourney 1969 (45 10)"]
[Site "Internet Chess Club"]
[Date "2020.08.23"]
[Round "6"]
[White "funplaychess"]
[Black "ramennoodle"]
[Result "1/2-1/2"]
[ICCResult "Game drawn because neither player has mating material"]
[WhiteElo "2355"]
[BlackElo "1928"]
[Opening "QGD: Tarrasch, Prague variation, 9.Bg5"]
[ECO "E06"]
[NIC "TD.03"]
[Time "13:31:39"]
[TimeControl "2700+10"]

1. d4 Nf6 2. c4 e6 3. g3 d5 4. Nf3 Be7 5. Bg2 O-O 6. Nc3 c5 7. cxd5 exd5 8.
O-O Nc6 9. Bg5 Be6 10. dxc5 Bxc5 11. Bxf6 Qxf6 12. Nxd5 Qxb2 13. Nc7 Rad8
14. Qc1 Qxc1 15. Raxc1 Bb6 16. Nxe6 fxe6 17. Rc4 Rfe8 18. Rb1 h6 19. h4 e5
20. e3 e4 21. Ne1 Rd2 22. Rxe4 Rxe4 23. Bxe4 Kf8 24. Nc2 Ne5 25. Rb5 Ng4 26.
Rf5+ Nf6 27. Nb4 Rb2 28. Nd5 Bd8 29. a4 Ra2 30. Nxf6 Bxf6 31. Ra5 Bc3 32.
Rf5+ Bf6 33. a5 b6 34. axb6 axb6 35. Bd5 Rb2 36. e4 Ke8 37. e5 Be7 38. e6
Bf6 39. Kg2 Ke7 40. Kh3 Rd2 41. Bc4 Rd4 42. Bb3 Rd3 43. Rb5 Bd4 44. Kg2 Bc5
45. f4 Rd2+ 46. Kf3 Kf6 47. Bc4 Rd4 48. Bb3 Rb4 49. Rxb4 Bxb4 50. g4 Be1 51.
g5+ hxg5 52. fxg5+ Ke7 53. h5 Bd2 54. Kg4 b5 55. Kf5 Bc3 56. Kg6 Bb2 57. Bd5
Bd4 58. Kh7 Kf8 59. Bc6 b4 60. Ba4 Be5 61. Bb3 Bc3 62. Kg6 Ke7 63. Kf5 Bb2
64. Bd1 Bc3 65. Bg4 b3 66. Bd1 b2 67. Bc2 Bd4 68. Bb1 Bc3 69. Ba2 Bd4 70.
Kg6 Bc3 71. Kh7 Kf8 72. Bb1 Bd4 73. h6 gxh6 74. Kxh6 Bc3 75. Kh7 Bd4 76. g6
Bc3 77. Ba2 Bd4 78. g7+ Bxg7 79. e7+ Kxe7 80. Kxg7 b1=Q 81. Bxb1
{Game drawn because neither player has mating material}
1/2-1/2

[Event "ICC tourney 1969 (45 10)"]
[Site "Internet Chess Club"]
[Date "2020.08.23"]
[Round "6"]
[White "annameiyappan"]
[Black "dopolian"]
[Result "0-1"]
[ICCResult "White resigns"]
[WhiteElo "2044"]
[BlackElo "2363"]
[Opening "Giuoco Piano"]
[ECO "C54"]
[NIC "IG.02"]
[Time "13:31:29"]
[TimeControl "2700+10"]

1. e4 e5 2. Nf3 Nc6 3. Bc4 Bc5 4. c3 Nf6 5. d4 exd4 6. cxd4 Bb4+ 7. Bd2
Bxd2+ 8. Nbxd2 d5 9. exd5 Nxd5 10. O-O O-O 11. Ne5 Nb6 12. Nxc6 bxc6 13. Qc2
Qxd4 14. Bd3 h6 15. Nf3 Qf6 16. Be4 Nd5 17. Bxd5 cxd5 18. Qxc7 Qxb2 19. Ne5
Be6 20. Rfb1 Qe2 21. Nc6 a6 22. Re1 Qb2 23. Ne7+ Kh7 24. a4 Rab8 25. Qg3
Rfe8 26. Qd3+ Kh8 27. Nc6 Rb3 28. Qd1 Rc3 29. Ne5 Rec8 30. Rb1 Qc2 31. Qxc2
Rxc2 32. Ng6+ Kh7 33. Nf4 R8c6 34. g3 R2c4 35. Re5 Rxa4 36. Nxd5 Bxd5 37.
Rxd5 Ra2 38. Rd7 Kg6 39. h3 Rf6 40. Rf1 a5 41. Ra7 a4 42. f4 Rc6 43. Rf2 Ra3
44. Kh2 Rcc3 45. Ra6+ f6 46. Rg2 h5 47. Ra5 Rf3 48. Ra6 h4 49. gxh4+ Kh6 50.
Ra8 Rxh3+ 51. Kg1 Ra1+ 52. Kf2 Ra2+ 53. Kg1 Rxg2+ 54. Kxg2 Ra3 55. f5 Kh5
56. Rg8 Kxh4 57. Rxg7 Rb3 58. Ra7 a3 59. Kf2 Kg4 60. Ra5 Kf4 61. Ke2 Ke4 62.
Kd2 Rh3 63. Kc2 Rh2+ 64. Kb3 Rf2 65. Kxa3 Rxf5 66. Ra8 Rb5 67. Re8+ Kf4 68.
Rc8 f5 69. Ka4 Rb1 70. Rf8 Kg4 71. Ka3 f4 72. Rg8+ Kf3 73. Ka2 Rb7 74. Rd8
Kg3 75. Rg8+ Kf2 76. Rc8 f3 77. Rc2+ Kg3 78. Rc3 Kg2 79. Rd3 f2 80. Rd2 Kg1
81. Rc2 f1=Q 82. Rc1 Kg2 {White resigns} 0-1

[Event "ICC tourney 1969 (45 10)"]
[Site "Internet Chess Club"]
[Date "2020.08.23"]
[Round "6"]
[White "Adhvaith0406"]
[Black "creepycrawlies"]
[Result "0-1"]
[ICCResult "White resigns"]
[WhiteElo "1994"]
[BlackElo "2202"]
[Opening "Sicilian: Najdorf, Lipnitzky attack"]
[ECO "B86"]
[NIC "SI.13"]
[Time "13:31:51"]
[TimeControl "2700+10"]

1. e4 c5 2. Nf3 d6 3. d4 cxd4 4. Nxd4 Nf6 5. Nc3 a6 6. Bc4 e6 7. Bb3 Nbd7 8.
O-O Nc5 9. Qe2 Be7 10. f3 O-O 11. Be3 Qc7 12. Rad1 b5 13. a3 e5 14. Nf5 Nxb3
15. Nxe7+ Qxe7 16. cxb3 Be6 17. Nd5 Bxd5 18. exd5 h6 19. Qd2 Rac8 20. f4 e4
21. Bd4 Rfe8 22. Rde1 Nd7 23. f5 f6 24. Rf4 Qf7 25. Bf2 Re5 26. Rfxe4 Rxd5
27. Qe2 Ne5 28. Bd4 Qc7 29. Bxe5 dxe5 30. Qf2 Qc2 31. Qxc2 Rxc2 32. R4e2
Rdd2 33. Rxd2 Rxd2 34. Rc1 Rxb2 35. Rc6 a5 36. Ra6 Rxb3 37. Rxa5 h5 38. Kf2
Kh7 39. Ra7 h4 40. g3 Rb2+ 41. Kg1 h3 42. Rb7 Kh6 43. a4 Rg2+ 44. Kh1 bxa4
45. g4 Rc2 46. Kg1 a3 47. g5+ Kxg5 48. Rxg7+ Kxf5 49. Ra7 a2 50. Kf1 Rc1+
{White resigns}
0-1

[Event "ICC tourney 1969 (45 10)"]
[Site "Internet Chess Club"]
[Date "2020.08.23"]
[Round "6"]
[White "dzchess01"]
[Black "investigator"]
[Result "1-0"]
[ICCResult "Black resigns"]
[WhiteElo "1844"]
[BlackElo "2069"]
[Opening "Pirc: classical, h3 system"]
[ECO "B08"]
[NIC "PU.10"]
[Time "13:31:32"]
[TimeControl "2700+10"]

1. e4 d6 2. d4 Nf6 3. Nc3 g6 4. Nf3 Bg7 5. h3 O-O 6. Be3 a6 7. Bd3 Nbd7 8.
O-O c5 9. a4 b6 10. Qd2 Bb7 11. Bh6 c4 12. Bxg7 Kxg7 13. Bxc4 Nxe4 14. Nxe4
Bxe4 15. Ng5 Bb7 16. Bxf7 Qc8 17. Bb3 Rf5 18. Rae1 e5 19. Ne6+ Kh8 20. Qh6
Qg8 21. Nc7 Qf8 22. Qh4 Rh5 23. Qg3 Rc8 24. Ne6 Qf6 25. d5 Nc5 26. Nxc5 Rxc5
27. f4 Qe7 28. fxe5 Rxe5 29. Rxe5 dxe5 30. c4 b5 31. Qd3 bxc4 32. Bxc4 Qd6
33. b4 Rc7 34. Qe4 h6 35. Qh4 Kg7 36. Qe4 a5 37. Re1 axb4 38. Qxe5+ Qxe5 39.
Rxe5 Kf6 40. Re6+ Kg5 41. Bd3 Bxd5 42. Re5+ Kf4 43. Rxd5 b3 44. Kf2
{Black resigns}
1-0

[Event "ICC tourney 1969 (45 10)"]
[Site "Internet Chess Club"]
[Date "2020.08.23"]
[Round "6"]
[White "HarleyQueen8"]
[Black "Rohanius"]
[Result "1-0"]
[ICCResult "Black forfeits on time"]
[WhiteElo "1727"]
[BlackElo "1614"]
[Opening "Dutch with c4 & Nc3"]
[ECO "A85"]
[NIC "HD.05"]
[Time "13:31:45"]
[TimeControl "2700+10"]

1. d4 f5 2. c4 Nf6 3. Nc3 e6 4. Nf3 Bb4 5. Bg5 h6 6. Bd2 O-O 7. e3 c5 8. Be2
cxd4 9. exd4 d6 10. O-O Nc6 11. d5 exd5 12. Nxd5 Bxd2 13. Qxd2 Ne4 14. Qc2
Be6 15. Rad1 Bxd5 16. cxd5 Ne5 17. Nd4 Qf6 18. f3 Rac8 19. Qb1 Nc5 20. Rfe1
Ncd7 21. b3 Nb6 22. f4 Ned7 23. Ne6 Rfe8 24. Bf3 Nc5 25. Nxc5 Rxe1+ 26. Rxe1
Rxc5 27. Qd3 Qf7 28. Rd1 Rc7 29. h3 Nd7 30. Re1 g6 31. Qe3 Nb6 32. Qe6 Rd7
33. h4 Kf8 34. h5 Qxe6 35. Rxe6 g5 36. fxg5 hxg5 37. Rf6+ Rf7 38. Rxd6 g4
39. Be2 g3 40. Kf1 Nd7 41. Bb5 Ne5 42. h6 {Black forfeits on time} 1-0

[Event "ICC tourney 1969 (45 10)"]
[Site "Internet Chess Club"]
[Date "2020.08.23"]
[Round "6"]
[White "sushmadasari"]
[Black "ITOT"]
[Result "1/2-1/2"]
[ICCResult "Black stalemated"]
[WhiteElo "1527"]
[BlackElo "1758"]
[Opening "Ruy Lopez: closed, Breyer, Borisenko variation"]
[ECO "C95"]
[NIC "RL.25"]
[Time "13:31:34"]
[TimeControl "2700+10"]

1. e4 e5 2. Nf3 Nc6 3. Bb5 a6 4. Ba4 Nf6 5. O-O Be7 6. Re1 b5 7. Bb3 d6 8.
c3 O-O 9. h3 Nb8 10. d4 Nbd7 11. Bg5 h6 12. Bh4 Bb7 13. Nbd2 Re8 14. Rc1 Bf8
15. Bc2 c5 16. d5 c4 17. Nf1 Qa5 18. a3 g6 19. Qd2 Bg7 20. Ne3 Kh7 21. Nh2
Nh5 22. Qd1 Nf4 23. Qf3 Nc5 24. Red1 Qc7 25. Bg3 Ncd3 26. Rb1 Bc8 27. Bxf4
Nxf4 28. Re1 a5 29. Qg3 Qe7 30. Rbd1 Rb8 31. a4 b4 32. Nxc4 Qc7 33. Nd2 Ba6
34. Qe3 bxc3 35. bxc3 Rb2 36. Bb3 Nd3 37. Rb1 Qxc3 38. Rxb2 Qxb2 39. Rb1 Qc3
40. Nhf3 Qc7 41. Ne1 Nf4 42. Bc2 Rb8 43. Rxb8 Qxb8 44. Qb3 Qc7 45. Kh2 Qc5
46. Qf3 Qb4 47. Qe3 h5 48. Nef3 Bh6 49. g3 Ne2 50. Ng5+ Bxg5 51. Qxg5 Kg7
52. Qe3 Nd4 53. Bd1 Qb2 54. Nf3 Qa1 55. Nxd4 exd4 56. Qd2 Qc3 57. Qf4 Qe1
58. Qf3 d3 59. h4 Qf1 60. e5 dxe5 61. d6 Bc8 62. Bb3 Qh3+ 63. Kg1 Qf5 64.
Qxf5 Bxf5 65. f3 Kf6 66. Kf2 Be6 67. Bd1 Bc4 68. Ke3 Ke6 69. g4 Kxd6 70.
gxh5 gxh5 71. f4 exf4+ 72. Kxf4 Kd5 73. Ke3 Ke5 74. Bxh5 f5 75. Bf3 f4+ 76.
Kd2 Kd4 77. h5 Bf7 78. h6 Bg6 79. Bg2 Ke5 80. Bf1 Kd4 81. Bg2 Bf5 82. Bf3
Ke5 83. Bc6 Kf6 84. Bb5 Kg5 85. Bxd3 Bxd3 86. Kxd3 Kxh6 87. Ke4 Kg5 88. Kf3
Kf5 89. Kf2 Ke4 90. Ke2 Kd4 91. Kf3 Kc4 92. Kxf4 Kb4 93. Ke3 Kxa4 94. Kd2
Kb3 95. Kc1 Ka2 96. Kc2 a4 97. Kc1 Ka1 98. Kc2 Ka2 99. Kc1 Ka1 100. Kc2 a3
101. Kc1 Ka2 102. Kc2 Ka1 103. Kc1 a2 104. Kc2 {Black stalemated} 1/2-1/2

[Event "ICC tourney 1969 (45 10)"]
[Site "Internet Chess Club"]
[Date "2020.08.23"]
[Round "6"]
[White "RagingKnightNC"]
[Black "serafindelapaz"]
[Result "1/2-1/2"]
[ICCResult "Game drawn by mutual agreement"]
[WhiteElo "2049"]
[BlackElo "1709"]
[Opening "Petrov: Nimzovich attack"]
[ECO "C42"]
[NIC "RG.03"]
[Time "13:31:43"]
[TimeControl "2700+10"]

1. e4 e5 2. Nf3 Nf6 3. Nxe5 d6 4. Nf3 Nxe4 5. Nc3 Nxc3 6. dxc3 Be7 7. Bf4
O-O 8. Qd2 Re8 9. O-O-O Nd7 10. Bc4 Nc5 11. Ng5 Ne6 12. h4 h6 13. Bxe6 Bxe6
14. Qd3 hxg5 15. hxg5 g6 16. Qg3 Bf8 17. Be5 dxe5 18. Rxd8 Raxd8 19. Qxe5
Bg7 20. Qxc7 Rd7 21. Qc5 Red8 22. Qe3 Bf5 23. f3 Rd2 24. Qxd2 Rxd2 25. Kxd2
Be5 26. Rh4 Bg3 27. Rb4 b6 28. Rd4 Kf8 29. Ke3 Be5 30. Rd2 Ke7 31. g4 Be6
32. a3 Bd6 33. Rd1 b5 34. Re1 Kd7 35. a4 bxa4 36. Ra1 a3 37. b4 a2 38. Kd3
Kc6 39. c4 Bxb4 40. Rxa2 Bc5 41. Ra4 Bb6 42. Rb4 a5 43. Rb5 a4 44. Rb4 a3
45. Ra4 Bc5 46. Ra6+ Kb7 47. Ra4 Bd7 48. Ra5 Kb6 49. Ra8 Bc6 50. Rb8+ Kc7
51. Rb1 Bxf3 52. Rf1 Bxg4 53. Rxf7+ Bd7 54. Kc3 Kd8 55. Kb3 Bf5 56. Rb7 Kc8
57. Rb5 Be7 58. c5 Kc7 59. Kxa3 Kc6 60. Kb4 Bxg5 61. Rb6+ Kc7 62. c4 Be3 63.
Rf6 Bd4 64. Ra6 g5 65. Ra7+ Kc6 66. Ra6+ Kb7 67. Rd6 Be3 68. Rf6 Bd7 69. Rf7
Kc6 70. Rf6+ Kc7 71. Kc3 Bxc5 72. Kd3 Be7 73. Rf7 Kd6 74. Ke4 Ke6 75. Rh7
Kf6 76. Rh6+ Kf7 77. Ra6 g4 78. Kf4 Ke8 79. Rg6 Kf7 80. Rxg4 Bd6+ 81. Kf3
Bxg4+ 82. Kxg4 Ke6 83. Kf3 Ke5 84. Ke3 Bc5+ 85. Kd3 Bg1 86. Kc3 Bd4+ 87. Kb4
Kd6 88. Kb5 Bc5 89. Ka6 Kc6 90. Ka5 Bg1 {Game drawn by mutual agreement}
1/2-1/2

[Event "ICC tourney 1969 (45 10)"]
[Site "Internet Chess Club"]
[Date "2020.08.23"]
[Round "7"]
[White "Hocky"]
[Black "SunnyDays0"]
[Result "1-0"]
[ICCResult "Black resigns"]
[WhiteElo "1155"]
[BlackElo "1094"]
[Opening "French: Tarrasch, open, 4.ed ed"]
[ECO "C08"]
[NIC "FR.20"]
[Time "16:01:57"]
[TimeControl "2700+10"]

1. e4 e6 2. d4 d5 3. Nd2 c5 4. exd5 exd5 5. Bb5+ Bd7 6. Bxd7+ Qxd7 7. Ngf3
Nf6 8. O-O Be7 9. dxc5 Bxc5 10. Nb3 Be7 11. Re1 O-O 12. Be3 Nc6 13. c3 Rfe8
14. Qc2 Ne4 15. Rad1 Rac8 16. Qxe4 dxe4 17. Rxd7 exf3 18. Rxb7 fxg2 19. Bxa7
Nxa7 20. Rxa7 Bd6 21. Rxe8+ Rxe8 22. Kxg2 Re2 23. Ra8+ Bf8 24. Nc5 Rd2 25.
a4 g6 26. b4 Kg7 27. a5 Bxc5 28. bxc5 Rc2 29. a6 Rxc3 30. a7 {Black resigns}
1-0

[Event "ICC tourney 1969 (45 10)"]
[Site "Internet Chess Club"]
[Date "2020.08.23"]
[Round "7"]
[White "ITOT"]
[Black "tanishqchess"]
[Result "1-0"]
[ICCResult "Black resigns"]
[WhiteElo "1745"]
[BlackElo "897"]
[Opening "Scotch game"]
[ECO "C45"]
[NIC "SO.04"]
[Time "16:02:07"]
[TimeControl "2700+10"]

1. e4 e5 2. Nf3 Nc6 3. d4 exd4 4. Nxd4 Nxd4 5. Qxd4 d6 6. Nc3 Nf6 7. Bg5 Be7
8. O-O-O h6 9. Bh4 O-O 10. Bc4 Re8 11. f3 b6 12. g4 Bb7 13. Bg3 Qd7 14. h4
Rad8 15. Nd5 Nxd5 16. Bxd5 c6 17. Bb3 d5 18. exd5 cxd5 19. Be5 f6 20. Bf4
Bc5 21. Qd3 Kh8 22. g5 fxg5 23. hxg5 Rf8 24. Be5 Qe6 25. Rxh6+ Qxh6 26. gxh6
Kg8 27. hxg7 Rf7 28. Rh1 Rxg7 29. Bxg7 Kxg7 30. Qh7+ Kf6 31. Rh6+ Ke5 32.
Qxb7 Be3+ 33. Kd1 Bxh6 34. Qc7+ Rd6 35. Qxa7 Rf6 36. Qc7+ Rd6 37. a4 Bf4 38.
Qg7+ Ke6 39. Qg6+ Kd7 40. Qf7+ Kc6 41. Qxf4 Kc5 42. Qf8 Kc6 43. f4 Rg6 44.
Qe8+ {Black resigns} 1-0

[Event "ICC tourney 1969 (45 10)"]
[Site "Internet Chess Club"]
[Date "2020.08.23"]
[Round "7"]
[White "Pranavs23"]
[Black "NeevG"]
[Result "0-1"]
[ICCResult "White checkmated"]
[WhiteElo "874"]
[BlackElo "1187"]
[Opening "Giuoco Piano"]
[ECO "C50"]
[NIC "IG.02"]
[Time "16:02:14"]
[TimeControl "2700+10"]

1. e4 e5 2. Nf3 Nc6 3. Bc4 Bc5 4. Nc3 d6 5. d3 Bg4 6. h3 Bh5 7. Qe2 Nd4 8.
Qd1 Nxf3+ 9. gxf3 Qh4 10. Rh2 Ne7 11. Nd5 Nxd5 12. Bxd5 c6 13. Bb3 Qf6 14.
Be3 Bxf3 15. Qd2 Qg6 16. Bg5 f6 17. d4 Bxd4 18. Qd3 Qxg5 19. Qxf3 Qg1+ 20.
Ke2 Qxh2 21. Rh1 Qf4 22. Qh5+ g6 23. Qf3 Qxf3+ 24. Kxf3 Bxb2 25. Rd1 Ke7 26.
Rd3 Rhf8 27. c4 f5 28. c5 Rad8 29. cxd6+ Rxd6 30. Rxd6 Kxd6 31. exf5 Rxf5+
32. Ke3 Bd4+ 33. Ke4 Rf4+ 34. Kd3 Rxf2 35. h4 b5 36. h5 gxh5 37. a4 bxa4 38.
Ke4 h4 39. Bd1 h3 40. Bf3 h2 41. Bh1 a3 42. Bf3 a2 43. Bh1 a1=Q 44. Bf3 Qb1#
{White checkmated}
0-1

[Event "ICC tourney 1969 (45 10)"]
[Site "Internet Chess Club"]
[Date "2020.08.23"]
[Round "7"]
[White "lemonoosa"]
[Black "charanreddy"]
[Result "0-1"]
[ICCResult "White resigns"]
[WhiteElo "2025"]
[BlackElo "1289"]
[Opening "Queen's pawn, Mason variation"]
[ECO "D00"]
[NIC "QP.08"]
[Time "16:01:54"]
[TimeControl "2700+10"]

1. d4 d5 2. Bf4 c6 3. e3 Bf5 4. Nf3 e6 5. Bd3 Bxd3 6. Qxd3 Bd6 7. Bxd6 Qxd6
8. c3 Nf6 9. O-O Nbd7 10. Nbd2 O-O 11. Rad1 e5 12. e4 Rae8 13. Rfe1 dxe4 14.
Nxe4 Nxe4 15. Qxe4 f5 16. Qc2 e4 17. Nd2 Nb6 18. Qb3+ Qd5 19. Qxd5+ cxd5 20.
b3 g6 21. c4 dxc4 22. bxc4 Rd8 23. d5 Rc8 24. Rc1 Rf7 25. f3 e3 26. Rxe3
Nxd5 27. Ra3 b6 28. Re1 Nb4 29. Rb1 a5 30. Re3 Rd7 31. Rb2 Rc6 32. a3 Nd3
33. Rb3 Nc5 34. Rb2 f4 35. Re8+ Kf7 36. Rb8 a4 37. Ne4 Rd1+ 38. Kf2 Nd3+
{White resigns}
0-1

[Event "ICC tourney 1969 (45 10)"]
[Site "Internet Chess Club"]
[Date "2020.08.23"]
[Round "7"]
[White "MateOnF7"]
[Black "kgeisenman32"]
[Result "1-0"]
[ICCResult "Black resigns"]
[WhiteElo "1896"]
[BlackElo "1372"]
[Opening "Sicilian: Nimzovich-Rossolimo attack (with ...g6, without ...d6)"]
[ECO "B31"]
[NIC "SI.31"]
[Time "16:02:03"]
[TimeControl "2700+10"]

1. e4 c5 2. Nf3 Nc6 3. Bb5 g6 4. Bxc6 bxc6 5. O-O Bg7 6. d3 Nf6 7. Be3 d6 8.
Nbd2 O-O 9. c3 Bb7 10. Nb3 c4 11. dxc4 Nxe4 12. Re1 Nxc3 13. bxc3 Bxc3 14.
c5 Bxe1 15. Qxe1 d5 16. Bh6 Re8 17. Qe5 f6 18. Qe6+ Kh8 19. Nbd4 Bc8 20. Qf7
Rg8 21. Nxc6 Qe8 22. Bg7+ Rxg7 23. Qxe8+ {Black resigns} 1-0

[Event "ICC tourney 1969 (45 10)"]
[Site "Internet Chess Club"]
[Date "2020.08.23"]
[Round "7"]
[White "imranchamp"]
[Black "dxzhou"]
[Result "1-0"]
[ICCResult "Black resigns"]
[WhiteElo "1673"]
[BlackElo "1854"]
[Opening "Sicilian: Grand Prix attack"]
[ECO "B23"]
[NIC "SI.44"]
[Time "16:02:03"]
[TimeControl "2700+10"]

1. e4 c5 2. Nc3 Nc6 3. f4 d6 4. Nf3 Nf6 5. Bc4 g6 6. O-O Bg7 7. d3 O-O 8. f5
Na5 9. fxg6 hxg6 10. Qe1 Nxc4 11. dxc4 Be6 12. b3 a6 13. Rb1 Bd7 14. Qh4 Nh5
15. Nd5 e6 16. Ne7+ Kh7 17. Ng5+ Kh8 18. Rxf7 Qxe7 19. Rxe7 Bd4+ 20. Be3
Bxe3+ 21. Kh1 Rf4 22. Qxf4 Bxf4 23. Nf7+ Kg7 24. Rxd7 Kf6 25. g3 {Black
resigns} 1-0

[Event "ICC tourney 1969 (45 10)"]
[Site "Internet Chess Club"]
[Date "2020.08.23"]
[Round "7"]
[White "burstninja"]
[Black "orwind"]
[Result "1-0"]
[ICCResult "Black checkmated"]
[WhiteElo "1683"]
[BlackElo "1299"]
[Opening "Benkö gambit half accepted"]
[ECO "A57"]
[NIC "BI.43"]
[Time "16:01:59"]
[TimeControl "2700+10"]

1. d4 Nf6 2. c4 c5 3. d5 b5 4. cxb5 a6 5. e3 d6 6. Nc3 Bb7 7. e4 Nbd7 8.
bxa6 Bxa6 9. Bxa6 Rxa6 10. Nge2 g6 11. O-O Bg7 12. Be3 O-O 13. Qd2 Ng4 14.
Bf4 Nge5 15. Bh6 Nc4 16. Qc1 Bxh6 17. Qxh6 Nxb2 18. Rab1 Nc4 19. h3 Nf6 20.
Rb7 Rb6 21. Rb1 Rxb1+ 22. Rxb1 Nd2 23. Qxd2 Qd7 24. Qb2 Rc8 25. Ra1 e6 26.
a4 exd5 27. exd5 c4 28. a5 Ra8 29. a6 Qc8 30. a7 Qc7 31. Nb5 Qb7 32. Ned4
Nxd5 33. Qa3 Qb6 34. Qxd6 Rd8 35. Qxd8+ Qxd8 36. a8=Q Qxa8 37. Rxa8+ Kg7 38.
Rc8 c3 39. Nxc3 Nxc3 40. Rxc3 Kh6 41. Kh2 f5 42. Kg3 Kg5 43. f4+ Kh6 44.
Nxf5+ gxf5 45. Rc6+ Kh5 46. Rf6 h6 47. Rxf5+ Kg6 48. Kg4 Kh7 49. Ra5 Kg6 50.
f5+ Kf6 51. Kf4 h5 52. Ra6+ Kf7 53. Kg5 h4 54. Ra7+ Kf8 55. Kg6 Ke8 56. Kf6
Kd8 57. Ke6 Kc8 58. Kd6 Kb8 59. Rh7 Ka8 60. Kc6 Kb8 61. Rg7 Ka8 62. Kb6 Kb8
63. Rg8# {Black checkmated} 1-0

[Event "ICC tourney 1969 (45 10)"]
[Site "Internet Chess Club"]
[Date "2020.08.23"]
[Round "7"]
[White "Ososul"]
[Black "vishalanil"]
[Result "1-0"]
[ICCResult "Black resigns"]
[WhiteElo "2152"]
[BlackElo "1856"]
[Opening "Ruy Lopez: closed, Bogolyubov variation"]
[ECO "C91"]
[NIC "RL.20"]
[Time "16:01:57"]
[TimeControl "2700+10"]

1. e4 e5 2. Nf3 Nc6 3. Bb5 a6 4. Ba4 Nf6 5. O-O Be7 6. Re1 b5 7. Bb3 d6 8.
c3 O-O 9. d4 Bg4 10. d5 Nb8 11. h3 Bh5 12. Nbd2 Nbd7 13. Nf1 Nc5 14. Bc2 Qd7
15. Ng3 Bg6 16. Qe2 c6 17. dxc6 Qxc6 18. Nh4 Rac8 19. Nhf5 Rfe8 20. Bg5 Bf8
21. Bxf6 gxf6 22. Qg4 Kh8 23. h4 Bxf5 24. Nxf5 Ne6 25. Bb3 a5 26. Re3 a4 27.
Bxe6 fxe6 28. Rg3 {Black resigns} 1-0

[Event "ICC tourney 1969 (45 10)"]
[Site "Internet Chess Club"]
[Date "2020.08.23"]
[Round "7"]
[White "hackerguru"]
[Black "RagingKnightNC"]
[Result "0-1"]
[ICCResult "White resigns"]
[WhiteElo "1765"]
[BlackElo "2084"]
[Opening "English opening"]
[ECO "E90"]
[NIC "KI.20"]
[Time "16:02:09"]
[TimeControl "2700+10"]

1. Nf3 Nf6 2. c4 g6 3. Nc3 Bg7 4. e4 O-O 5. d4 d6 6. h3 e5 7. d5 Nbd7 8. Be3
Ne8 9. g4 Nc5 10. b4 Na6 11. a3 f5 12. gxf5 gxf5 13. Bd3 Nf6 14. Qe2 c5 15.
b5 Nc7 16. a4 fxe4 17. Nxe4 Bf5 18. Nfd2 Nxe4 19. Nxe4 a6 20. Kd2 axb5 21.
axb5 Rxa1 22. Rxa1 Ne8 23. Bg5 Nf6 24. Rg1 Kh8 25. Kc2 Qa5 26. Nxf6 Qa2+ 27.
Kc3 Qxe2 28. Bxe2 Bxf6 29. Bxf6+ Rxf6 30. Rg3 Bd7 31. f3 b6 32. Kd3 Rg6 33.
Rxg6 hxg6 34. Bf1 Kg7 35. Ke4 g5 36. h4 gxh4 37. f4 exf4 38. Kxf4 Kf6 39.
Be2 Bf5 40. Ke3 Kg5 41. Bf3 h3 42. Bh1 Kg4 43. Bf3+ Kg3 44. Bh1 h2 45. Ke2
Bh3 46. Be4 Bg2 47. Bxg2 Kxg2 48. Ke3 h1=Q {White resigns} 0-1

[Event "ICC tourney 1969 (45 10)"]
[Site "Internet Chess Club"]
[Date "2020.08.23"]
[Round "7"]
[White "mrmusicwriter5"]
[Black "sushmadasari"]
[Result "1-0"]
[ICCResult "Black checkmated"]
[WhiteElo "1817"]
[BlackElo "1497"]
[Opening "Sicilian: closed, 2...Nc6"]
[ECO "B23"]
[NIC "SI.44"]
[Time "16:01:58"]
[TimeControl "2700+10"]

1. e4 c5 2. Nc3 Nc6 3. Bb5 e6 4. Nge2 Nf6 5. O-O Be7 6. d3 O-O 7. Bxc6 bxc6
8. f4 d5 9. e5 Nd7 10. Ng3 Rb8 11. Nce2 f6 12. d4 cxd4 13. Nxd4 Qb6 14. Kh1
Nc5 15. Qe1 fxe5 16. fxe5 Rxf1+ 17. Qxf1 Ba6 18. Qe1 Rf8 19. Be3 Qc7 20. b4
Nd7 21. Nxe6 Qxe5 22. Nxf8 Bxf8 23. c3 c5 24. bxc5 Nxc5 25. Bd4 Qxe1+ 26.
Rxe1 Kf7 27. Re5 Bc4 28. Rf5+ Ke8 29. Rxf8+ Kxf8 30. Bxc5+ Kf7 31. Bd4 Bxa2
32. Bxa7 Ke6 33. Bd4 g6 34. Kg1 Bc4 35. Kf2 Bb3 36. Ke3 g5 37. Nh5 Kf5 38.
Nf6 h6 39. g3 Bc4 40. Kd2 Bb3 41. Kc1 Bc4 42. Kb2 Ke6 43. Ka3 Kf5 44. Kb4
Ke6 45. Kc5 Ba2 46. Ne8 Bc4 47. Nc7+ Kf5 48. Nxd5 Bd3 49. Ne3+ Ke6 50. Bg7
h5 51. Kd4 Bb5 52. c4 Bc6 53. Kc5 Be4 54. Kb6 Kd6 55. Bh6 g4 56. Bf4+ Kd7
57. c5 Kd8 58. c6 Bxc6 59. Kxc6 Ke7 60. Kd5 Kf6 61. Ke4 Kg6 62. Ke5 Kg7 63.
Kf5 Kf7 64. Kg5 Kg7 65. Kxh5 Kf6 66. Kxg4 Kg6 67. h4 Kg7 68. Kg5 Kh7 69. h5
Kg7 70. Nf5+ Kh7 71. Kf6 Kg8 72. h6 Kh7 73. g4 Kg8 74. Kg6 Kh8 75. Be5+ Kg8
76. h7+ Kf8 77. h8=Q# {Black checkmated} 1-0